 Dungeon Crawl Stone Soup version 0.30-a0-691-g754fce4c43 (webtiles) character file.

Game seed: 1663847478807062728

1594 tilp the Trooper (level 9, -5/75 HPs)
             Began as a Meteoran Fighter on Jan 19, 2023.
             Slain by an ogre
             ... wielding a +0 giant spiked club
              (13 damage)
             ... on level 5 of the Dungeon.
             The game lasted 00:10:31 (2078 turns).

tilp the Trooper (Meteoran Fighter)                 Turns: 2078, Time: 00:10:32

Health: -5/75      AC: 12    Str: 17    XL:     9   Next: 37%
Magic:  10/10      EV:  9    Int:  9    God:
Gold:   157        SH:  6    Dex: 20    Spells: 8/8 levels left

rFire   + . .      SeeInvis .    a - +0 long sword (flame)
rCold   . . .      Faith    .    c - +0 buckler
rNeg    . . .      Spirit   .    k - +0 chain mail
rPois   .          Reflect  .    (no helmet)
rElec   .          Harm     .    i - +0 cloak
rCorr   .          Rampage  .    y - +0 pair of gloves
Will    +....                    (no boots) Stlth
                                 (no amulet)
HPRegen 0.32/turn                q - ring of protection from fire
MPRegen 0.12/turn                (no ring)

@: on berserk cooldown, slowed, glowing, very slow
A: sense surroundings 2, otherworldly, glowing, explore regen
a: no special abilities


You were on level 5 of the Dungeon.
You visited 1 branch of the dungeon, and saw 6 of its levels.

You collected 157 gold pieces.

Inventory:

Hand Weapons
 a - a +0 long sword of flaming (weapon)
 b - the +6 dagger "Jasulylu" {vamp, rF- rC+ rN+}
   (You found it on level 4 of the Dungeon)

   rF:        It makes you vulnerable to fire.
   rC:        It protects you from cold.
   rN:        It protects you from negative energy.
 w - the +9 short sword of Radicalism {flame, Fragile rC+++ rCorr Int+3}
   (You found it on level 2 of the Dungeon)

   Int:       It affects your intelligence (+3).
   rC:        It renders you almost immune to cold.
   rCorr:     It protects you from acid and corrosion.
   Fragile:   It will be destroyed if unequipped.
Missiles
 h - 29 stones
 t - 2 boomerangs (quivered)
Armour
 c - a +0 buckler (worn)
 i - a +0 cloak (worn)
 k - a +0 chain mail (worn)
 y - a +0 pair of gloves (worn)
Jewellery
 q - a ring of protection from fire (left hand)
Wands
 f - a wand of paralysis (7)
 x - a wand of flame (20)
Scrolls
 e - a scroll of teleportation {unknown}
Potions
 d - a potion of might
 l - a potion of curing {unknown}
 m - a potion of ambrosia {unknown}
 p - a potion of berserk rage
 u - 2 potions of heal wounds
 v - a potion of lignification {unknown}
Miscellaneous
 r - a piece from Xom's chessboard (15/15)


   Skills:
 * Level 6.1 Fighting
 + Level 5.2 Long Blades
 - Level 4.0 Throwing
 - Level 6.0 Armour
 + Level 5.3 Dodging
 + Level 3.0 Stealth
 - Level 4.0 Shields
 - Level 4.0 Evocations


You had 8 spell levels left.
You didn't know any spells.
Your spell library was empty.

Dungeon Overview and Level Annotations

Branches:
Dungeon (6/15) Zot: 1422
 Temple: D:4-7

Altars:
Ashenzari
Kikubaaqudgha
Makhleb
Xom

Annotations:
D:1 dig vault
D:4 Robin


Innate Abilities, Weirdness & Mutations

You passively map the area around you.
You are easily found by Zot.
You glow in the dark.
You regain HP and MP as you explore.


Message History

The wight is almost destroyed.
You block the wight's attack.
You slash the wight! You burn the wight.
You destroy the wight!
You slash the white imp! You burn the white imp.
The white imp is almost dead.
The white imp gestures at you. The puff of frost misses you.
You slash the white imp! You burn the white imp.
You kill the white imp!
You are too berserk!
Unknown command.
Unknown command.
Okay, then.
Unknown command.
You completely miss the ogre.
You are no longer berserk.
You are exhausted.
You feel yourself slow down. The ogre hits you but does no damage.
You hit the ogre. You burn the ogre.
The ogre is lightly wounded.
The ogre hits you with a +0 giant spiked club.
* * * LOW HITPOINT WARNING * * *
Unknown command.
Aiming: Paralyse
Press: ? - help, Shift-Dir - straight line, f - ogre
Aim: an ogre, wielding a +0 giant spiked club (lightly wounded, chance to affect: 59%)
The ogre resists with significant effort.
An iguana comes into view.
The ogre hits you with a +0 giant spiked club!!
* * * LOW HITPOINT WARNING * * *
Unknown command.
Aiming: Paralyse
Press: ? - help, Shift-Dir - straight line, f/p - ogre
Aim: an ogre, wielding a +0 giant spiked club (lightly wounded, chance to affect: 59%)
The ogre resists with significant effort.
The iguana hisses angrily.
A wight comes into view.
It is wielding a +1 halberd of distortion.
The ogre hits you with a +0 giant spiked club!
You die...

, , #.. ........[#)# , , #, #.#
#l.......#)# *
..###[#####.###.######...# ,
##.....#................#.# #
,. #...#######.......<#.# .. #.
*###.#.#.#.#.######.#.### #.#.#
##.#^^^^^#............#
,....###.z#########.#####.....
#..#)..loO@..'.#l# #...#.
*#))...#########.# #...#. * *
#...##..#^^^^^#...# #...##
.....#####.#.#.#.#..######...##
...........#######..........!..
##########.........#.##########
##..........# ###########


You could see an ogre, 2 iguanas, a wight and an orc.

Vanquished Creatures
  Pikel (D:5)
  A water moccasin (D:5)
  A black bear (D:5)
  A centaur (D:5)
  2 phantoms (D:5)
  3 scorpions
  2 wights (D:5)
  A howler monkey (D:5)
  A hound (D:5)
  A jelly (D:4)
  2 iguanas
  3 orc wizards (D:5)
  4 gnolls (D:4)
  8 adders
  A white imp (D:5)
  3 worms
  A dart slug (D:4)
  10 orcs
  7 endoplasms (D:4)
  A giant cockroach (D:3)
  10 goblins
  4 hobgoblins
  3 jackals (D:4)
  4 kobolds
  2 quokkas
  4 ball pythons
  2 bats (D:3)
  3 frilled lizards (D:3)
  4 rats (D:1)
  A butterfly (D:3)
91 creatures vanquished.

Vanquished Creatures (others)
  A human (D:4)
1 creature vanquished.

Grand Total: 92 creatures vanquished

Notes
Turn   | Place    | Note
-------+----------+-------------------------------------------
     0 | D:1      | tilp the Meteoran Fighter began the quest for the Orb.
     0 | D:1      | Reached XP level 1. HP: 19/19 MP: 2/2
    97 | D:1      | Reached XP level 2. HP: 26/26 MP: 3/3
   226 | D:2      | Reached skill level 1 in Dodging
   352 | D:1      | Reached XP level 3. HP: 24/31 MP: 4/4
   466 | D:2      | Identified the +9 short sword of Radicalism {flame, Fragile
                  | rC+++ rCorr Int+3}
   489 | D:3      | Reached XP level 4. HP: 35/38 MP: 5/5
   498 | D:3      | Found a shimmering altar of Xom.
   589 | D:4      | Found an ancient bone altar of Kikubaaqudgha.
   589 | D:4      | Noticed a human
   594 | D:4      | Killed a human
   607 | D:4      | Noticed a scorpion
   626 | D:4      | Killed a scorpion
   627 | D:4      | Reached skill level 1 in Throwing
   627 | D:4      | Reached skill level 1 in Stealth
   627 | D:4      | Reached XP level 5. HP: 19/46 MP: 6/6
   630 | D:4      | Noticed Robin
  1114 | D:3      | Found a broken altar of Ashenzari.
  1184 | D:3      | Found a burning altar of Makhleb.
  1262 | D:4      | Reached XP level 6. HP: 42/52 MP: 7/7
  1412 | D:4      | Identified the +6 dagger "Jasulylu" {vamp, rF- rC+ rN+}
  1577 | D:4      | Reached XP level 7. HP: 57/59 MP: 8/8
  1663 | D:5      | Entered Level 5 of the Dungeon
  1803 | D:5      | Reached skill level 1 in Evocations
  1834 | D:5      | Noticed a water moccasin
  1851 | D:5      | Killed a water moccasin
  1872 | D:5      | Reached XP level 8. HP: 44/67 MP: 9/9
  1887 | D:5      | Reached skill level 5 in Armour
  1943 | D:5      | Reached skill level 5 in Fighting
  2006 | D:5      | Noticed Pikel
  2031 | D:5      | Paralysed by Pikel for 3 turns
  2055 | D:5      | Killed Pikel
  2056 | D:5      | Reached skill level 5 in Long Blades
  2056 | D:5      | Reached skill level 5 in Dodging
  2056 | D:5      | Gained mutation: You passively map the area around you.
                  | [Meteoran growth]
  2056 | D:5      | Reached XP level 9. HP: 31/75 MP: 10/10
  2078 | D:5      | Slain by an ogre

Illustrated notes

Levels and vault maps discovered:
D:1:      dpeg_arrival_shrine, layout_basic, due_unseen_surprise
D:2:      minmay_chambers_of_ones, layout_basic, amcnicky_mini_corridor_feature,
          minmay_liquid_box
D:3:      layout_basic, mainiacjoe_overflow_cross_hatched, xom_butterflies,
          mainiacjoe_overflow_24_doors
D:4:      layout_cave_pods, tgw_kikubaaqudgha, uniq_robin
D:5:      layout_rooms, minmay_temple_entry_ruins, grunt_tough_drop, uniq_pikel
D:6:      layout_basic, uniq_grinder, uniq_crazy_yiuf_cottage

Skill      XL: |  1  2  3  4  5  6  7  8  9 |
---------------+----------------------------+-----
Dodging        | 1 2 3 4 5 |  5.3
Shields        | 4 |  4.0
Long Blades    | 3 4 5 |  5.2
Throwing       | 1 2 4 |  4.0
Armour         | 4 6 |  6.0
Stealth        | 1 2 3 |  3.0
Fighting       | 4 5 6 |  6.1
Evocations     | 2 4 |  4.0

Action                   |  1- 3 |  4- 6 |  7- 9 || total
-------------------------+-------+-------+-------++-------
Melee: Long sword        |    82 |   134 |   161 ||   377
Throw: Stone             |     3 |       |       ||     3
       Boomerang         |       |     2 |       ||     2
Evoke: Wand              |       |       |     2 ||     2
  Use: Scroll            |       |       |     9 ||     9
       Potion            |       |       |     2 ||     2
Armor: Scale mail        |     7 |       |       ||     7
       Chain mail        |    35 |    78 |    83 ||   196
Dodge: Dodged            |    22 |    48 |    41 ||   111
Block: Buckler           |    15 |    39 |    36 ||    90

Table legend: (Time is in decaauts)
 A = Elapsed time spent in this place.
 B = Non-inter-level travel time spent in this place.
 C = Inter-level travel time spent in this place.
 D = Time resting spent in this place.
 E = Time spent auto-exploring this place.
 F = Levels seen in this place.
 G = Mean time per level.
                   A        B        C        D        E       F      G
               +--------+--------+--------+--------+--------+-----+--------+
         Total |   2175 |   1863 |    312 |      0 |      0 |   6 |  362.5 |
       Dungeon |   2175 |   1863 |    312 |      0 |      0 |   6 |  362.5 |
               +--------+--------+--------+--------+--------+-----+--------+

Top non-repeatable levels by time:
     D:3: 718 daAuts
     D:4: 597 daAuts
     D:5: 356 daAuts
     D:1: 351 daAuts
     D:2: 150 daAuts
     D:6: 1 daAuts
